 Dungeon Crawl Stone Soup version 0.32-a0-643-ga006e7742e (webtiles) character file.

Game seed: 16461843389155621269

11 2FriedEggs the Ruffian (level 2, 0/18 HPs)
             Began as an Octopode Shapeshifter on Mar 8, 2024.
             Slain by a ball python (1 damage)
             ... on level 1 of the Dungeon.
             The game lasted 00:00:43 (242 turns).

2FriedEggs the Ruffian (Octopode Shapeshifter)       Turns: 242, Time: 00:00:44

Health: 0/18       AC:  1    Str: 13    XL:     2   Next: 29%
Magic:  2/2        EV:  3    Int: 12    God:
Gold:   24         SH:  0    Dex: 11    Spells: 1/1 levels left

rFire   . .          .
                       - Unarmed
rCold   . . .        (no shield)
rNeg    . . .        (helmet restricted)
rPois   .            (no amulet)
rElec   .            (no ring)
rCorr   .            (no ring)
SInv    .            (no ring)
Will    .....        (no ring)
Stlth   ++           (no ring)
HPRegen 0.23/turn    (no ring)
MPRegen 0.08/turn    (no ring)
                     (no ring)

%: no passive effects
@: constricted
A: almost no armour, amphibious, 8 rings, camouflage 1, gelatinous body 1,
(nimble swimmer 1), tentacles
a: no special abilities


You were on level 1 of the Dungeon.
You visited 1 branch of the dungeon, and saw 1 of its levels.

You collected 24 gold pieces.

Inventory:

Talismans
 b - a beast talisman
 c - a flux talisman
Scrolls
 d - a scroll of noise {unknown}
Potions
 a - 2 potions of lignification
 e - a potion of haste {unknown}


   Skills:
 + Level 1.2 Fighting
 - Level 2.0 Dodging
 * Level 3.2 Unarmed Combat
 * Level 3.2 Shapeshifting


You had one spell level left.
You didn't know any spells.
Your spell library was empty.

Dungeon Overview and Level Annotations

Branches:
Dungeon (1/15)

Altars:

Shops:
D:1 ?


Innate Abilities, Weirdness & Mutations

You cannot wear most types of armour.
You are amphibious.
You can wear up to eight rings at the same time.
Your skin changes colour to match your surroundings (Stealth+).
Your rubbery body absorbs attacks. (AC +1, EV +1)
((You are camouflaged when in or above water. (Stealth+)))
You have tentacles for arms and can constrict up to eight enemies at once.


Message History

Found a book of Minor Magic and a fizzy clear potion.
The rat bites you.
You tentacle-slap the rat.
You kill the rat!
The goblin shouts!
The rat squeaks loudly.
You hear an angry hiss.
The goblin hits you with a +0 club.
You barely miss the goblin. You grab the goblin. You constrict the goblin.
The goblin closely misses you.
You tentacle-slap the goblin.
You kill the goblin!
A goblin comes into view. It is wielding a +0 dagger.
You tentacle-slap the rat.
You kill the rat!
You see here a rat corpse.
Found a pair of gloves.
The goblin hits you with a +0 dagger.
A hobgoblin comes into view.
The hobgoblin shouts!
You tentacle-slap the goblin.
You kill the goblin!
A ball python comes into view.
The ball python hisses angrily.
The hobgoblin closely misses you.
You closely miss the ball python. Your grab misses the ball python.
The ball python bites you but does no damage.
The ball python closely misses you. The hobgoblin hits you.
The ball python bites you. The ball python closely misses you.
You are too injured to fight recklessly!
You are too injured to fight recklessly!
You are too injured to fight recklessly!
You tentacle-slap the hobgoblin but do no damage.
You grab the hobgoblin. You constrict the hobgoblin. The ball python bites you.
The ball python grabs you. The ball python constricts you.
* * * LOW HITPOINT WARNING * * *
The hobgoblin hits you.
* * * LOW HITPOINT WARNING * * *
You tentacle-slap the hobgoblin.
You kill the hobgoblin!
The ball python bites you.
You die...

.. #....#.#........# ..
##...#.#....$...# #.
#.#............+ # ..
.#..............#.#
.#....................[.
..###$#.......†..)##.#.#
.. #.+................#
#. . #.......)....#####
.. #.........@....... ..
###......S.[:..... ...
#.....#.!.......
#.....#.........
+...............
#..............# ...
.........## #.........#


You could see a ball python.

Vanquished Creatures
  2 endoplasms (D:1)
  4 goblins (D:1)
  2 hobgoblins (D:1)
  A kobold (D:1)
  4 rats (D:1)
13 creatures vanquished.

Notes
Turn   | Place    | Note
-------+----------+-------------------------------------------
     0 | D:1      | 2FriedEggs the Octopode Shapeshifter began the quest for
                  | the Orb.
     0 | D:1      | Reached XP level 1. HP: 13/13 MP: 1/1
    33 | D:1      | Found Toatumud's Magic Scroll Boutique.
   196 | D:1      | Reached XP level 2. HP: 18/18 MP: 2/2
   242 | D:1      | Slain by a ball python

Illustrated notes

Levels and vault maps discovered:
D:1:      nzn_arrival_water_spiral, layout_basic, serial_shops, shop,
          shapermc_ecumenical_altar_venn

Action                     || total
---------------------------++-------
  Melee: Unarmed           ||    24
         Tentacles         ||     2
         Constrict         ||     3
Ability: Begin Untransform ||     1
   Stab: Sleeping          ||     4
 Armour: Skin              ||    15
  Dodge: Dodged            ||     7

Table legend: (Time is in decaauts)
 A = Elapsed time spent in this place.
 B = Non-inter-level travel time spent in this place.
 C = Inter-level travel time spent in this place.
 D = Time resting spent in this place.
 E = Time spent auto-exploring this place.
 F = Levels seen in this place.
 G = Mean time per level.
                   A        B        C        D        E       F      G
               +--------+--------+--------+--------+--------+-----+--------+
         Total |    241 |    241 |      0 |     51 |    105 |   1 |  241.0 |
       Dungeon |    241 |    241 |      0 |     51 |    105 |   1 |  241.0 |
               +--------+--------+--------+--------+--------+-----+--------+

Top non-repeatable levels by time:
     D:1: 241 daAuts
